SA
HIGHWOOD HAWKS @ CHICAGO TULA
06/02/2022
 
TOP OF THE 1ST
Highwood Hawks batting - Pitching for Chicago Tula : RHP António Rúbio
Pitching: RHP António Rúbio
Batting: RHB Armando García 0-0: Swinging Strike
0-1: Ball
1-1: Swinging Strike
1-2: Foul Ball, location: 2F
1-2: Strikes out swinging
Batting: RHB Alfredo Cuellar 0-0: Foul Ball, location: 2F
0-1: Ground out 5-3 (Groundball, 56S)
Batting: RHB Luis Jelarde 0-0: Fly out, F7 (Flyball, 78M)
Top of the 1st over - 0 run(s), 0 hit(s), 0 error(s), 0 left on base; Highwood 0 - Chicago 0
BOTTOM OF THE 1ST
Chicago Tula batting - Pitching for Highwood Hawks : LHP Travis Grant
Pitching: LHP Travis Grant
Batting: RHB Gil Nichols 0-0: Fly out, F8 (Flyball, 8LM)
Batting: LHB António González 0-0: Called Strike
0-1: Ball
1-1: Called Strike
1-2: Foul Ball, location: 2F
1-2: Fly out, F9 (Flyball, 9LM)
Batting: LHB Cole Thrash 0-0: Called Strike
0-1: Foul Ball, location: 2F
0-2: Foul Ball, location: 2F
0-2: Ball
1-2: Ground out 4-3 (Groundball, 4)
Bottom of the 1st over - 0 run(s), 0 hit(s), 0 error(s), 0 left on base; Highwood 0 - Chicago 0
TOP OF THE 2ND
Highwood Hawks batting - Pitching for Chicago Tula : RHP António Rúbio
Batting: SHB José Quintero 0-0: Called Strike
0-1: Ground out U3 (Groundball, 3L)
Batting: RHB António Acosta 0-0: Ball
1-0: Called Strike
1-1: Ground out 5-3 (Groundball, 5L)
Batting: RHB Harry Freidricks 0-0: Called Strike
0-1: Swinging Strike
0-2: Ball
1-2: Strikes out swinging
Top of the 2nd over - 0 run(s), 0 hit(s), 0 error(s), 0 left on base; Highwood 0 - Chicago 0
BOTTOM OF THE 2ND
Chicago Tula batting - Pitching for Highwood Hawks : LHP Travis Grant
Batting: LHB Arturo Ballina 0-0: Swinging Strike
0-1: Ball
1-1: Swinging Strike
1-2: Ball
2-2: Ball
3-2: Foul Ball, location: 2F
3-2: Strikes out swinging
Batting: RHB Jorge Rodríguez 0-0: Ball
1-0: Called Strike
1-1: Ball
2-1: Called Strike
2-2: Ball
3-2: Ground out 6-3 (Groundball, 6)
Batting: SHB Jake Richardson 0-0: Ball
1-0: Ground out 5-3 (Groundball, 56)
Bottom of the 2nd over - 0 run(s), 0 hit(s), 0 error(s), 0 left on base; Highwood 0 - Chicago 0
TOP OF THE 3RD
Highwood Hawks batting - Pitching for Chicago Tula : RHP António Rúbio
Batting: RHB Marcox Fiadeiro 0-0: Called Strike
0-1: Ball
1-1: Ball
2-1: Ground out 5-3 (Groundball, 56)
Batting: RHB Oscar Stephens 0-0: Ball
1-0: Called Strike
1-1: Called Strike
1-2: Ball
2-2: Ball
3-2: Base on Balls
Batting: RHB Geoffrey Broekhuizen 0-0: Called Strike
0-1: Foul Ball, location: 2F
0-2: Foul Ball, location: 2F
0-2: Ball
1-2: Ball
2-2: Ball
3-2: SINGLE (Groundball, 56D)
Oscar Stephens to second
Oscar Stephens to third
Batting: RHB Armando García 0-0: DOUBLE (Line Drive, 9LM)
Oscar Stephens scores
Geoffrey Broekhuizen to third
Batting: RHB Alfredo Cuellar 0-0: Ball
1-0: SINGLE (Line Drive, 4D)
Geoffrey Broekhuizen scores
Armando García to third
Runner from 3rd tries for Home, throw and OUT!
Alfredo Cuellar to second
Batting: RHB Luis Jelarde 0-0: SINGLE (Groundball, 6)
Alfredo Cuellar to third
Runner from 3rd tries for Home, throw and OUT!
Top of the 3rd over - 2 run(s), 4 hit(s), 0 error(s), 1 left on base; Highwood 2 - Chicago 0
BOTTOM OF THE 3RD
Chicago Tula batting - Pitching for Highwood Hawks : LHP Travis Grant
Batting: RHB Miguel Cruz 0-0: Swinging Strike
0-1: Called Strike
0-2: Ball
1-2: SINGLE (Line Drive, 78S)
Batting: LHB Roberto Sánchez 0-0: Called Strike
0-1: Ball
1-1: Swinging Strike
1-2: Strikes out swinging
Batting: LHB Marcos Deleón 0-0: Ball
1-0: SINGLE (Groundball, 3D)
Miguel Cruz to second
Runner from 2nd tries for 3rd, SAFE, no throw or cutoff
Batting: RHB Gil Nichols 0-0: Ball
1-0: DOUBLE (Line Drive, 7LS)
Miguel Cruz scores
Marcos Deleón to third
Batting: LHB António González 0-0: Ball
1-0: Fly out, F8 (Line Drive, 8RM)
Runner from 3rd tags up, SCORES, no throw
Batting: LHB Cole Thrash 0-0: Called Strike
0-1: Ball
1-1: Ball
2-1: SINGLE (Groundball, 4MD)
Gil Nichols to third
Runner from 3rd tries for Home, SAFE, throw made home
Batting: LHB Arturo Ballina 0-0: Called Strike
0-1: Ball
1-1: Foul Ball, location: 2F
1-2: Hit by Pitch
Cole Thrash to second
Batting: RHB Jorge Rodríguez 0-0: Foul Ball, location: 2F
0-1: Fly out, F7 (Popup, 78S)
Bottom of the 3rd over - 3 run(s), 4 hit(s), 0 error(s), 2 left on base; Highwood 2 - Chicago 3
TOP OF THE 4TH
Highwood Hawks batting - Pitching for Chicago Tula : RHP António Rúbio
Now at 2B: Paddy Kos
Batting: SHB José Quintero 0-0: Ball
1-0: Called Strike
1-1: Ball
2-1: Foul Ball, location: 2F
2-2: Foul Ball, location: 2F
2-2: Foul Ball, location: 2F
2-2: Strikes out swinging
Batting: RHB António Acosta 0-0: Called Strike
0-1: Foul Ball, location: 2F
0-2: Strikes out swinging
Batting: RHB Harry Freidricks 0-0: Swinging Strike
0-1: Ball
1-1: Ball
2-1: Ball
3-1: Base on Balls
Batting: RHB Marcox Fiadeiro 0-0: Called Strike
0-1: Swinging Strike
0-2: Fly out, F8 (Flyball, 8RM)
Top of the 4th over - 0 run(s), 0 hit(s), 0 error(s), 1 left on base; Highwood 2 - Chicago 3
BOTTOM OF THE 4TH
Chicago Tula batting - Pitching for Highwood Hawks : LHP Travis Grant
Batting: SHB Jake Richardson 0-0: Ball
1-0: Foul Ball, location: 2F
1-1: Ground out 6-3 (Groundball, 6)
Batting: RHB Miguel Cruz 0-0: Swinging Strike
0-1: Ball
1-1: Ball
2-1: Ball
3-1: Called Strike
3-2: Base on Balls
Batting: LHB Roberto Sánchez 0-0: Ball
1-0: Grounds into double play, U6-3 (Groundball, 6M)
Bottom of the 4th over - 0 run(s), 0 hit(s), 0 error(s), 0 left on base; Highwood 2 - Chicago 3
TOP OF THE 5TH
Highwood Hawks batting - Pitching for Chicago Tula : RHP António Rúbio
Batting: RHB Oscar Stephens 0-0: Ball
1-0: Fly out, F7 (Flyball, 78D)
Batting: RHB Geoffrey Broekhuizen 0-0: Fly out, F7 (Flyball, 78S)
Batting: RHB Armando García 0-0: Ball
1-0: Foul Ball, location: 2F
1-1: Ball
2-1: Ball
3-1: Swinging Strike
3-2: Foul Ball, location: 2F
3-2: SINGLE (Line Drive, 6D)
Batting: RHB Alfredo Cuellar 0-0: Ball
1-0: Called Strike
Armando García steals 2nd base
1-1: Foul Ball, location: 2F
1-2: Ball
2-2: Ball
3-2: Fly out, F8 (Flyball, 8LM)
Top of the 5th over - 0 run(s), 1 hit(s), 0 error(s), 1 left on base; Highwood 2 - Chicago 3
BOTTOM OF THE 5TH
Chicago Tula batting - Pitching for Highwood Hawks : LHP Travis Grant
Batting: LHB Marcos Deleón 0-0: Fly out, F9 (Flyball, 89M)
Batting: RHB Paddy Kos 0-0: Called Strike
0-1: Swinging Strike
0-2: Fly out, F4 (Popup, 4M)
Batting: LHB António González 0-0: Ball
1-0: Called Strike
1-1: Foul Ball, location: 2F
1-2: Strikes out looking
Bottom of the 5th over - 0 run(s), 0 hit(s), 0 error(s), 0 left on base; Highwood 2 - Chicago 3
TOP OF THE 6TH
Highwood Hawks batting - Pitching for Chicago Tula : RHP António Rúbio
Batting: RHB Luis Jelarde 0-0: Called Strike
0-1: Ball
1-1: Fly out, F8 (Flyball, 8RXD)
Batting: SHB José Quintero 0-0: SINGLE (Line Drive, 34D)
Batting: RHB António Acosta 0-0: SINGLE (Flyball, 8RS)
José Quintero to second
Batting: RHB Harry Freidricks 0-0: SINGLE (Groundball, 6MD) (infield hit)
José Quintero to third
António Acosta to second
Batting: RHB Marcox Fiadeiro 0-0: Foul Ball, location: 2F
0-1: Foul Ball, location: 2F
0-2: Ball
1-2: Fly out, F4 (Popup, 34)
Batting: RHB Oscar Stephens 0-0: Ball
1-0: Called Strike
1-1: Fly out, F5 (Popup, 25F)
Top of the 6th over - 0 run(s), 3 hit(s), 0 error(s), 3 left on base; Highwood 2 - Chicago 3
BOTTOM OF THE 6TH
Chicago Tula batting - Pitching for Highwood Hawks : LHP Travis Grant
Batting: LHB Cole Thrash 0-0: Ball
1-0: Fly out, F7 (Flyball, 7M)
Batting: LHB Arturo Ballina 0-0: Called Strike
0-1: Ball
1-1: Reached on error, E3 (Groundball, 3)
Batting: RHB Jorge Rodríguez 0-0: Ball
1-0: Ball
2-0: Called Strike
Balk!
Arturo Ballina to second
2-1: Fly out, F5 (Line Drive, 5)
Batting: SHB Jake Richardson 0-0: Foul Ball, location: 2F
0-1: Ground out 6-3 (Groundball, 6)
Bottom of the 6th over - 0 run(s), 0 hit(s), 1 error(s), 1 left on base; Highwood 2 - Chicago 3
TOP OF THE 7TH
Highwood Hawks batting - Pitching for Chicago Tula : RHP António Rúbio
Batting: RHB Geoffrey Broekhuizen 0-0: Ground out 5-3 (Groundball, 56)
Batting: RHB Armando García 0-0: Called Strike
0-1: Ground out 6-3 (Groundball, 6)
Batting: RHB Alfredo Cuellar 0-0: Ball
1-0: Ball
2-0: Called Strike
2-1: SINGLE (Line Drive, 34D)
Batting: RHB Luis Jelarde 0-0: Ball
1-0: Ball
Alfredo Cuellar steals 2nd base
2-0: Ball
3-0: Called Strike
3-1: 2-RUN HOME RUN (Flyball, 7D), Distance : 382 ft
Batting: SHB José Quintero 0-0: Ball
1-0: Ground out 6-3 (Groundball, 6M)
Top of the 7th over - 2 run(s), 2 hit(s), 0 error(s), 0 left on base; Highwood 4 - Chicago 3
BOTTOM OF THE 7TH
Chicago Tula batting - Pitching for Highwood Hawks : LHP Travis Grant
Batting: RHB Miguel Cruz 0-0: Called Strike
0-1: Ball
1-1: SINGLE (Line Drive, 78M)
Pinch Hitting: RHB Jim Unknown 0-0: Bunted foul
0-1: Sac Bunt - play at first, batter OUT! 6-4
Miguel Cruz to second
Batting: LHB Marcos Deleón 0-0: Called Strike
0-1: Ball
1-1: Ground out U3 (Groundball, 3)
Miguel Cruz to third
Pinch Hitting: RHB Tony Cantú 0-0: Called Strike
0-1: Swinging Strike
0-2: Foul Ball, location: 2F
0-2: Ball
1-2: Ball
2-2: Ball
3-2: Strikes out swinging
Bottom of the 7th over - 0 run(s), 1 hit(s), 0 error(s), 1 left on base; Highwood 4 - Chicago 3
TOP OF THE 8TH
Highwood Hawks batting - Pitching for Chicago Tula : RHP António Rúbio
Now at 1B: Tony Cantú
Now at 2B: Kichisaburo Otani
Batting: RHB António Acosta 0-0: Fly out, F9 (Line Drive, 9M)
Batting: RHB Harry Freidricks 0-0: Foul Ball, location: 2F
0-1: Swinging Strike
0-2: Ground out 5-3 (Groundball, 5S)
Batting: RHB Marcox Fiadeiro 0-0: Foul Ball, location: 2F
0-1: SINGLE (Groundball, 34D)
Pinch Hitting: RHB Wilson Pérez 0-0: Ball
1-0: Ball
Marcox Fiadeiro is caught stealing 2nd base
Top of the 8th over - 0 run(s), 1 hit(s), 0 error(s), 0 left on base; Highwood 4 - Chicago 3
BOTTOM OF THE 8TH
Chicago Tula batting - Pitching for Highwood Hawks : LHP Travis Grant
Now at C: Errol Levick
Now at 3B: Daniel Ruíz
Batting: LHB António González 0-0: Ground out 3-1 (Groundball, 34)
Batting: LHB Cole Thrash 0-0: Ball
1-0: Ball
2-0: Swinging Strike
2-1: Ground out 5-3 (Groundball, 56S)
Batting: LHB Arturo Ballina 0-0: Called Strike
0-1: Ball
1-1: Called Strike
1-2: Strikes out swinging
Bottom of the 8th over - 0 run(s), 0 hit(s), 0 error(s), 0 left on base; Highwood 4 - Chicago 3
TOP OF THE 9TH
Highwood Hawks batting - Pitching for Chicago Tula : RHP António Rúbio
Pitching: LHP Jim Unknown
Batting: RHB Daniel Ruíz 0-0: Ball
1-0: Swinging Strike
1-1: Ground out 5-3 (Groundball, 5S)
Pitching: RHP Ignacio Aguilar
Batting: RHB Geoffrey Broekhuizen 0-0: Ball
1-0: Called Strike
1-1: Ball
2-1: SINGLE (Groundball, 56) (infield hit)
Batting: RHB Armando García 0-0: Swinging Strike
0-1: SINGLE (Flyball, 9S)
Geoffrey Broekhuizen to second
Runner from 2nd tries for 3rd, SAFE, throw made to third
Armando García to second
Pinch Hitting: LHB Jim Unknown 0-0: Foul Ball, location: 2F
0-1: Ball
1-1: Ball
2-1: Called Strike
2-2: Foul Ball, location: 2F
2-2: Ball
3-2: Base on Balls
Batting: RHB Luis Jelarde 0-0: Ball
1-0: Ball
2-0: Ball
3-0: Called Strike
3-1: Grounds into fielders choice 5-2 (Groundball, 5)
Armando García to third
Jim Unknown to second
Batting: SHB José Quintero 0-0: Called Strike
0-1: SINGLE (Groundball, 56)
Armando García scores
Jim Unknown to third
Luis Jelarde to second
Runner from 3rd tries for Home, SAFE, no throw or cutoff
Batting: LHB Errol Levick 0-0: Called Strike
0-1: Ball
1-1: Foul Ball, location: 2F
1-2: Strikes out swinging
Top of the 9th over - 2 run(s), 3 hit(s), 0 error(s), 2 left on base; Highwood 6 - Chicago 3
BOTTOM OF THE 9TH
Chicago Tula batting - Pitching for Highwood Hawks : LHP Travis Grant
Pitching: RHP Tom Bass
Now at SS: Dana Akers
Batting: RHB Jorge Rodríguez 0-0: Called Strike
0-1: Foul Ball, location: 2F
0-2: Ground out 1-3 (Groundball, 15)
Batting: SHB Jake Richardson 0-0: Ball
1-0: Foul Ball, location: 2F
1-1: Called Strike
1-2: Foul Ball, location: 2F
1-2: Strikes out swinging
Batting: RHB Miguel Cruz 0-0: Foul Ball, location: 2F
0-1: Swinging Strike
0-2: Ball
1-2: Strikes out swinging
Bottom of the 9th over - 0 run(s), 0 hit(s), 0 error(s), 0 left on base; Highwood 6 - Chicago 3
This league is powered by Out of the Park Baseball, the baseball management simulation game for PC, Mac and Linux
Friday, April 15th, 2016 - OOTP Baseball 16.9 Build 39